 Dungeon Crawl Stone Soup version 0.29-a0-542-g075992c915 (webtiles) character file.

Game seed: 16511486972953044005

219736 Nedwor the Warrior (level 18, -4/180 HPs)
             Began as a Minotaur Berserker on June 3, 2022.
             Was a High Priest of Trog.
             Slain by a water elemental (13 damage)
             ... summoned by Ilsuiw
             ... on level 3 of the Shoals on June 4, 2022.
             The game lasted 01:18:04 (39731 turns).

Nedwor the Warrior (Minotaur Berserker)            Turns: 39731, Time: 01:18:05

Health: -4/180     AC: 33    Str: 30    XL:     18   Next: 45%
Magic:  17/17      EV: 14    Int:  4    God:    Trog [*****.]
Gold:   3203       SH:  0    Dex: 10    Spells: 17/17 levels left

rFire   . . .      SeeInvis .   V - +2 battleaxe (drain)
rCold   . . .      Faith    .   (shield currently unavailable)
rNeg    . . .      Spirit   .   U - +3 plate armour
rPois   .          Reflect  .   (helmet restricted)
rElec   .          Harm     .   B - +0 cloak
rCorr   .          Rampage  ∞   t - +2 pair of gloves
Will    +++..                   P - +3 pair of seven-league boots {Rampage+∞}
Stlth   ..........              q - amulet of regeneration
HPRegen 2.20/turn               v - ring of flight
MPRegen 0.15/turn               A - +4 ring of slaying

@: engulfed (cannot breathe), strong-willed, on berserk cooldown, flying,
mesmerised, regenerating, slowed, studying Maces & Flails, very slow
A: horns 2, retaliatory headbutt
}: 1/15 runes: serpentine
a: Renounce Religion, Berserk, Trog's Hand, Brothers in Arms


You were on level 3 of the Shoals.
You worshipped Trog.
Trog was extremely pleased with you.
You visited 5 branches of the dungeon, and saw 30 of its levels.
You also visited: Sewer.

You collected 3502 gold pieces.
You spent 299 gold pieces at shops.

Inventory:

Hand Weapons
 H - a +0 trident
 V - a +2 battleaxe of draining (weapon)
Missiles
 k - 4 throwing nets
Armour
 t - a +2 pair of gloves (worn)
 B - a +0 cloak (worn)
 C - a +2 chain mail of willpower
 P - the +3 pair of seven-league boots (worn) {Rampage+∞}
   (You found it on level 2 of the Lair of Beasts)

   Its wearer moves as far as possible in that direction when moving towards
   enemies.
 U - a +3 plate armour (worn)
Jewellery
 b - an amulet of guardian spirit
 e - a ring of protection from fire
 g - an amulet of reflection
 q - an amulet of regeneration (around neck)
 r - a ring of willpower
 v - a ring of flight (left hand)
 x - a +4 ring of protection
 y - a ring of fire
 A - a +4 ring of slaying (right hand)
 G - a +6 ring of strength
 J - an amulet of magic regeneration
 K - an amulet of the acrobat
 O - a +4 ring of protection
 S - an amulet of faith
 T - a ring of willpower
Wands
 i - a wand of mindburst (21)
 p - a wand of iceblast (7)
 u - a wand of flame (66)
 w - a wand of polymorph (16)
 z - a wand of digging (13)
 N - a wand of paralysis (17)
 R - a wand of acid (7)
Scrolls
 h - 10 scrolls of teleportation
 n - a scroll of blinking
 o - 5 scrolls of identify
 s - 3 scrolls of enchant weapon
 D - 2 scrolls of magic mapping
 E - 2 scrolls of silence
 I - 6 scrolls of fog
 M - 4 scrolls of fear
 Q - 2 scrolls of enchant armour
Potions
 a - 10 potions of heal wounds
 c - 6 potions of magic
 d - 5 potions of flight
 f - 6 potions of might
 j - 5 potions of cancellation
 l - 13 potions of curing
 m - 4 potions of haste
 F - 4 potions of ambrosia
 L - 3 potions of resistance


   Skills:
 + Level 20.7 Fighting
 - Level 20.0 Axes
 + Level 20.5 Armour
 + Level 19.0 Dodging


You had 17 spell levels left.
You didn't know any spells.
Your spell library was empty.

Dungeon Overview and Level Annotations

Branches:
Dungeon (15/15)            Temple (0/1) D:6            Lair (6/6) D:10
 Shoals (3/4) Lair:2        Snake (4/4) Lair:3        Slime (0/5) Lair:6
    Orc (2/2) D:12            Elf (0/3) Orc:2        Vaults (0/5) D:13
 Depths (0/4) D:15          Sewer (visited)

Altars:
Cheibriados
Kikubaaqudgha
Nemelex Xobeh
Uskayaw
The Shining One
Beogh
Jiyva

Shops:
D:1 =   D:14 (   Orc:2 *(*   Snake:1 **[

Portals:
Bazaar: Orc:2

Annotations:
Shoals:3 Ilsuiw


Innate Abilities, Weirdness & Mutations

You have a pair of horns on your head.
You reflexively headbutt those who attack you in melee.


Message History

The merfolk siren chants a haunting song.
You resist with almost no effort.
The merfolk hits you but does no damage.
You hear a shout!
The satyr plays a frightful melody on his pipes!
The satyr radiates an aura of fear!
You resist with almost no effort.
The merfolk hits you but does no damage.
The water elemental hits you.
* * * LOW HITPOINT WARNING * * *
The water elemental engulfs you in water!
The merfolk javelineer throws a javelin.
The javelin closely misses you.
The merfolk hits you from afar with a +0 trident.
* * * LOW HITPOINT WARNING * * *
The satyr plays a frightful melody on his pipes!
The satyr radiates an aura of fear!
You resist with almost no effort. The merfolk barely misses you.
The merfolk hits you but does no damage.
The water elemental hits you.
The merfolk siren chants a haunting song.
You resist with almost no effort.
You slice the merfolk impaler like a ripe choko!!!
The merfolk impaler is heavily wounded.
You barely miss the water elemental. You hit the water elemental.
* * * LOW HITPOINT WARNING * * *
Your lungs strain for air!
You hear a shout! x3
The water elemental barely misses you. You furiously retaliate!
You headbutt the water elemental!!
The merfolk siren chants a haunting song.
You are mesmerised by the merfolk siren!
The merfolk misses you.
The merfolk javelineer hits you but does no damage.
The merfolk hits you but does no damage.
The merfolk hits you from afar with a +0 trident.
* * * LOW HITPOINT WARNING * * *
The satyr plays a frightful melody on his pipes!
The satyr radiates an aura of fear!
You resist with almost no effort. The merfolk completely misses you.
The water elemental hits you!
You die...

≈≈≈≈≈≈≈≈≈≈≈≈≈≈≈≈#
≈≈≈≈≈≈≈≈≈≈≈≈≈≈≈≈≈≈#
≈≈cm≈≈≈≈≈≈≈≈≈≈≈≈≈≈#
≈≈≈≈≈≈≈≈≈≈≈≈≈≈≈≈≈≈
≈>≈≈≈≈m≈≈≈≈≈≈≈≈≈≈≈
≈≈≈m≈Hm≈≈≈≈≈≈≈≈≈≈
≈≈≈mmmm≈≈≈≈≈≈≈≈≈
.##.Em≈≈≈≈≈≈≈≈≈
##m@E≈≈≈≈≈≈≈≈≈≈
≈≈≈≈...≈≈≈≈≈≈≈≈≈≈≈≈
≈≈≈≈≈≈≈^≈≈≈≈≈≈≈≈≈≈≈
≈≈≈≈≈≈≈≈≈≈≈≈≈≈≈≈≈≈≈
≈≈..≈≈≈≈≈≈≈≈≈≈≈≈≈≈≈
.....≈≈≈≈≈≈≈≈≈≈≈≈≈≈
.###.≈≈≈≈≈≈≈≈≈≈≈≈≈≈
#.≈≈≈≈≈≈≈≈≈≈≈≈≈≈
.≈≈≈≈≈≈≈≈≈≈≈≈≈≈


You could see 2 merfolk impalers, 2 merfolk javelineers, a satyr, 4 merfolk, a
manticore, 2 water elementals and 2 merfolk sirens.

Vanquished Creatures
  Vashnia (Snake:4)
  A sphinx (D:12)
  6 nagarajas
  2 frost giants (D:12)
  Snorg (D:11)
  5 ettins
  Fannar (Lair:1)
  The ghost of Daticseg the Severer, a journeyman DDFi of Makhleb (D:12)
  4 merfolk impalers
  9 hydras
  5 ogre magi
  A catoblepas (Lair:5)
  2 boulder beetles
  3 salamander tyrants
  8 centaur warriors
  11 anacondas
  2 dancing weapons (D:13)
  4 merfolk aquamancers
  12 naga warriors
  3 satyrs (Shoals:2)
  26 two-headed ogres
  The ghost of ohados the Transmogrifier, a journeyman FeEE of Sif Muna (Lair:2)
  5 tengu warriors
  5 naga sharpshooters
  12 shock serpents
  Sonja (D:10)
  9 sea snakes
  5 deep trolls
  18 skeletal warriors
  3 salamander mystics
  14 naga ritualists
  2 orc knights (D:15)
  15 harpies
  5 deep elf pyromancers
  2 necromancers (D:15)
  12 ugly things
  17 mana vipers
  17 slime creatures
  7 fauns
  6 manticores
  19 cyclopes
  10 salamanders
  6 merfolk sirens
  Maurice (D:8)
  16 naga magi
  7 guardian serpents
  12 elephants
  4 water nymphs
  38 black mambas
  Joseph (D:9)
  3 gargoyles
  An unseen horror (D:11)
  Maggie (D:7)
  A torpor snail (Lair:2)
  8 cane toads
  A freezing wraith (D:14)
  2 rime drakes (Lair:4)
  7 komodo dragons
  A kobold demonologist (D:13)
  12 merfolk
  15 trolls
  3 polar bears (Lair:6)
  4 wind drakes
  Prince Ribbit (D:9)
  7 snapping turtles
  8 hornets
  5 blink frogs
  A blink frog (shapeshifter) (D:13)
  6 dream sheep
  6 water elementals
  14 spriggans (Lair:6)
  A vampire (D:12)
  A shadow (D:13)
  4 wraiths
  A yak (shapeshifter) (D:13)
  45 yaks
  4 wyverns
  6 basilisks
  Grum (D:9)
  3 steam dragons
  7 vampire mosquitoes
  3 wargs (D:12)
  48 nagas
  2 acid dragons
  15 water moccasins
  6 black bears
  3 sky beasts
  18 orc warriors
  30 ogres
  8 boggarts
  21 wolves
  8 centaurs
  5 kobold brigands
  2 gnoll sergeants
  15 bullfrogs
  A necrophage (D:7)
  3 scorpions
  12 wights
  6 killer bees (D:8)
  3 electric eels
  A howler monkey (D:5)
  6 hounds
  Crazy Yiuf (D:6)
  11 orc priests
  3 gnoll shamans
  4 jellies
  3 iguanas
  13 orc wizards
  12 adders
  27 gnolls
  3 river rats
  A white imp (D:6)
  A worm (D:3)
  3 dart slugs
  52 orcs
  11 ball pythons
  3 bats (D:2)
  4 endoplasms
  4 giant cockroaches
  9 goblins
  6 hobgoblins
  3 jackals (D:1)
  3 quokkas
  8 frilled lizards
  8 kobolds
  9 rats
976 creatures vanquished.

Vanquished Creatures (collateral kills)
  An ogre mage (Orc:2)
  A naga ritualist (Snake:4)
  A salamander (Snake:4)
  A cyclops (D:12)
  A naga mage (Snake:4)
  A naga (Snake:4)
  A gnoll sergeant (D:12)
  4 orc wizards
  A gnoll (D:12)
  4 orcs
16 creatures vanquished.

Vanquished Creatures (others)
  A skeletal warrior (D:15)
  65 fungi
  73 plants
139 creatures vanquished.

Grand Total: 1131 creatures vanquished

Notes
Turn   | Place    | Note
-------+----------+-------------------------------------------
     0 | D:1      | Nedwor the Minotaur Berserker began the quest for the Orb.
     0 | D:1      | Reached XP level 1. HP: 19/19 MP: 0/0
   160 | D:1      | Reached XP level 2. HP: 27/27 MP: 1/1
   264 | D:1      | Found Hid Coestreog's Jewellery Emporium.
   939 | D:2      | Reached XP level 3. HP: 33/33 MP: 2/2
  1615 | D:3      | Reached ** piety under Trog
  1668 | D:3      | Found a glowing drain.
  1675 | D:3      | Reached XP level 4. HP: 20/40 MP: 3/3
  1722 | Sewer    | Entered a sewer
  2312 | Sewer    | Reached skill level 5 in Axes
  2936 | D:3      | Reached XP level 5. HP: 47/47 MP: 4/4
  3172 | D:3      | Found a faded altar of an unknown god.
  3485 | D:4      | Noticed an ogre
  3495 | D:4      | Killed an ogre
  3756 | D:4      | Reached skill level 5 in Fighting
  3756 | D:4      | Reached XP level 6. HP: 40/56 MP: 5/5
  4587 | D:5      | Entered Level 5 of the Dungeon
  4995 | D:5      | Found an ancient bone altar of Kikubaaqudgha.
  5008 | D:5      | Reached XP level 7. HP: 41/61 MP: 6/6
  5536 | D:5      | Found a glowing golden altar of the Shining One.
  5894 | D:6      | Reached skill level 5 in Armour
  5918 | D:6      | Reached *** piety under Trog
  6240 | D:6      | Reached XP level 8. HP: 70/70 MP: 7/7
  6283 | D:6      | Reached skill level 5 in Dodging
  6446 | D:6      | Found a runed translucent door.
  6447 | D:6      | Noticed Crazy Yiuf
  6561 | D:6      | Found a staircase to the Ecumenical Temple.
  6831 | D:6      | Killed Crazy Yiuf
  7683 | D:7      | Reached XP level 9. HP: 78/79 MP: 8/8
  7975 | D:7      | Reached skill level 10 in Axes
  7986 | D:7      | Noticed Maggie
  7998 | D:7      | Killed Maggie
  8922 | D:8      | Noticed Maurice
  8931 | D:8      | Killed Maurice
  9400 | D:8      | Reached XP level 10. HP: 90/90 MP: 9/9
  9808 | D:9      | Noticed Prince Ribbit
  9821 | D:9      | Killed Prince Ribbit
 10083 | D:9      | Noticed Joseph
 10095 | D:9      | Killed Joseph
 10127 | D:9      | Noticed Grum
 10133 | D:9      | Killed Grum
 10613 | D:9      | Found a snail-covered altar of Cheibriados.
 10635 | D:10     | Entered Level 10 of the Dungeon
 10777 | D:10     | Found a hide-covered altar of Uskayaw.
 10888 | D:10     | Noticed Sonja
 10920 | D:10     | Killed Sonja
 11285 | D:10     | Found a staircase to the Lair.
 11289 | D:10     | Reached XP level 11. HP: 72/99 MP: 10/10
 11459 | D:10     | Reached skill level 10 in Fighting
 11554 | D:10     | Noticed a two-headed ogre
 11560 | D:10     | Killed a two-headed ogre
 11893 | D:11     | Reached **** piety under Trog
 12209 | D:11     | Noticed Snorg
 12220 | D:11     | Killed Snorg
 12845 | D:11     | Reached skill level 10 in Armour
 13056 | Lair:1   | Entered Level 1 of the Lair of Beasts
 13562 | Lair:1   | Noticed an eight-headed hydra
 13568 | Lair:1   | Killed a ten-headed hydra
 13747 | Lair:1   | Noticed Fannar
 13756 | Lair:1   | Killed Fannar
 13904 | Lair:1   | Reached skill level 15 in Axes
 14214 | Lair:1   | Reached skill level 10 in Dodging
 14214 | Lair:1   | Reached XP level 12. HP: 108/110 MP: 11/11
 14753 | Lair:2   | Found a runed translucent gate.
 14754 | Lair:2   | Found a runed translucent gate.
 14760 | Lair:2   | Noticed ohados's ghost (journeyman FeEE)
 15176 | Lair:2   | Found a staircase to the Shoals.
 15486 | Lair:2   | You fall into a shaft and drop 2 floors!
 16323 | Lair:3   | Found a staircase to the Snake Pit.
 16660 | Lair:2   | Found a runed translucent gate.
 16906 | Lair:2   | Killed ohados's ghost
 16980 | Lair:2   | Noticed a boulder beetle
 17009 | Lair:2   | Killed a boulder beetle
 17018 | Lair:2   | Found the +3 pair of seven-league boots {Rampage+∞}
 17625 | Lair:4   | Found a snail-covered altar of Cheibriados.
 17635 | Lair:4   | Reached XP level 13. HP: 119/119 MP: 12/12
 19795 | Lair:6   | Entered Level 6 of the Lair of Beasts
 20436 | Lair:6   | Found a viscous altar of Jiyva.
 20437 | Lair:6   | Found a staircase to the Slime Pits.
 20482 | Lair:6   | Found a sparkling altar of Nemelex Xobeh.
 20898 | Lair:6   | Identified the +9 quarterstaff of Karma {speed, rPois
                  | Dex+2}
 21711 | D:12     | Found a runed translucent gate.
 21713 | D:12     | Found a runed translucent gate.
 21713 | D:12     | Noticed a sphinx
 21721 | D:12     | Noticed a frost giant
 21725 | D:12     | Noticed Daticseg's ghost (journeyman DDFi)
 22392 | D:12     | Reached XP level 14. HP: 126/130 MP: 13/13
 22441 | D:12     | Found a staircase to the Orcish Mines.
 23440 | D:12     | Found a runed translucent gate.
 23941 | D:12     | Killed Daticseg's ghost
 23948 | D:12     | Killed a frost giant
 23953 | D:12     | Killed a sphinx
 24599 | D:12     | Noticed a frost giant
 24621 | D:12     | Killed a frost giant
 24629 | D:12     | Identified the +9 great mace "Ynayqoh" {flame, rC- Will+
                  | rCorr Int+2}
 24631 | D:12     | Identified the +8 hunting sling of Leotuk {flame, rElec
                  | rN++ Int+3}
 24658 | D:12     | Identified 2 scrolls of acquirement
 24669 | D:12     | Acquired 644 gold pieces
 24670 | D:12     | Acquired the +18 Lear's hauberk
 24670 | D:12     | Found the +18 Lear's hauberk
 24783 | Orc:1    | Entered Level 1 of the Orcish Mines
 24882 | Orc:2    | Entered Level 2 of the Orcish Mines
 25002 | Orc:2    | Found a flickering gateway to a bazaar.
 25209 | Orc:2    | Found Iwudik's Antique Weapon Emporium.
 25209 | Orc:2    | Found Dour's Assorted Antiques.
 25231 | Orc:2    | Reached ***** piety under Trog
 25245 | Orc:2    | Reached skill level 15 in Fighting
 25245 | Orc:2    | Reached XP level 15. HP: 141/141 MP: 14/14
 25308 | Orc:2    | Found Muzaased's General Store.
 25308 | Orc:2    | Found Kuveacvu's Magic Scroll Shop.
 25412 | Orc:2    | Bought a scroll of identify for 24 gold pieces
 25511 | Orc:2    | Found a staircase to the Elven Halls.
 25853 | D:13     | Reached skill level 15 in Armour
 25967 | D:13     | Found a gate to the Vaults.
 26219 | D:13     | Received a gift from Trog
 26812 | D:14     | Found a hide-covered altar of Uskayaw.
 27522 | D:14     | Found Taima's Antique Weapon Emporium.
 27580 | D:14     | Reached skill level 15 in Dodging
 28274 | D:15     | Entered Level 15 of the Dungeon
 28638 | D:15     | Reached XP level 16. HP: 154/154 MP: 15/15
 28906 | D:15     | Received a gift from Trog
 29004 | D:15     | Found a staircase to the Depths.
 29225 | D:15     | Identified the +1 leather armour of Tenacity {Int+4}
 29601 | Snake:1  | Entered Level 1 of the Snake Pit
 30056 | Snake:1  | Found Vutunot's Armour Shop.
 30427 | Snake:1  | Found Wottiuc's General Store.
 30813 | Snake:1  | Found Fifuf's Assorted Antiques.
 30849 | Snake:1  | Bought a scroll of enchant weapon for 217 gold pieces
 30849 | Snake:1  | Bought a scroll of identify for 58 gold pieces
 31913 | Snake:2  | Reached XP level 17. HP: 166/166 MP: 16/16
 32508 | Snake:3  | Received a gift from Trog
 34951 | Snake:4  | Entered Level 4 of the Snake Pit
 34956 | Snake:4  | Received a gift from Trog
 35739 | Snake:4  | Noticed Vashnia
 35765 | Snake:4  | Killed Vashnia
 37023 | Snake:4  | Got a serpentine rune of Zot
 37500 | Shoals:1 | Entered Level 1 of the Shoals
 37709 | Shoals:1 | Reached XP level 18. HP: 141/178 MP: 17/17
 39699 | Shoals:3 | Noticed Ilsuiw
 39731 | Shoals:3 | HP: 9/180 [drowned by a water elemental[Ilsuiw] (6)]
 39731 | Shoals:3 | Slain by a water elemental

Illustrated notes

Levels and vault maps discovered:
D:1:      shiori_shiawase, layout_rooms, serial_shops, nicolae_shop_waterfront,
          st_stairs_6
D:2:      layout_loops_corners
D:3:      layout_basic, gup_sewer_entry_spiral,
          ebering_ecumenical_altar_abandoned, minmay_surrounded
D:4:      layout_loops_corners, dreamdust_princess_corridor
D:5:      layout_gridville, lemuel_tele_altar, mainiacjoe_overflow_alcove_4
D:6:      layout_basic, minmay_temple_entry_fiery, uniq_crazy_yiuf_cottage
D:7:      layout_cave_pods, uniq_maggie
D:8:      layout_basic, hangedman_decor_opposing, hangedman_decor_push,
          uniq_maurice
D:9:      layout_rooms, lemuel_crystal_altar, kennysheep_generic_room_10,
          uniq_joseph, uniq_prince_ribbit1, uniq_grum
D:10:     layout_rooms, lemuel_doored_altar, due_lair_maze_entry_diamond,
          uniq_sonja
D:11:     layout_irregular_city, uniq_snorg
D:12:     giant_chief_lemuel, layout_rooms,
          kennysheep_orc_monster_closet_entryway, gammafunk_ghost_split
D:13:     minmay_triangles_in_corner, layout_long_grid, erik_vaults_1,
          kennysheep_generic_room_12
D:14:     layout_irregular_city, nicolae_uskayaw_dance_hall, serial_shops,
          nicolae_shop_crystal
D:15:     hangedman_depths_entry_civil_slaughter, layout_gridville,
          grunt_decor_cap
Lair:1:   layout_gridlike, serial_bayou_shore_b, uniq_fannar
Lair:2:   layout_layer_cave, elwin_shoals_entry_rooms, gammafunk_ghost_split,
          st_stairs_4, hellmonk_guarded_unrand_seven_league_boots
Lair:3:   layout_cave_shapes, minmay_snake_entry_guardpost_medium,
          grunt_megastairs_3
Lair:4:   layout_gridlike, basic_altar, cheibrodos_lair_caveside_slide
Lair:5:   layout_concentric_octagons
Lair:6:   minmay_lair_end_enchanted_forest, layout_concentric_octagons,
          slime_altar_1, basic_altar, infiniplex_staircase_pool
Shoals:1: layout_shoals, nicolae_splish_splash
Shoals:2: layout_shoals
Shoals:3: argonaut_golden_fleece, layout_shoals, serial_shops,
          nicolae_shop_bloodbath_and_beyond, nzn_prometheus_bound, uniq_ilsuiw
Snake:1:  nicolae_snake_unarmed_stairs_patrol, layout_grid_shapes, serial_shops,
          shop, nicolae_shop_behind_doors, nicolae_diamond_shop,
          nicolae_snake_yet_another_twisty_hallway
Snake:2:  layout_gridlike
Snake:3:  layout_chambers, nicolae_snake_omega, serial_bayou_shore_a
Snake:4:  johnstein_snake_rune_scales, layout_layer_cave, grunt_megastairs_5
Orc:1:    layout_diamond_mine, basic_altar
Orc:2:    st_orc_open, layout_caves, serial_shops, bzr_in_the_mist

Skill      XL: |  1  2  3  4  5  6  7  8  9 10 11 12 13 14 15 16 17 18 |
---------------+-------------------------------------------------------+-----
Axes           | 4 5 6 7 9 11 13 15 16 18 20 | 20.0
Fighting       | 4 5 6 7 8 9 11 12 13 15 16 18 20 | 20.7
Armour         | 3 4 5 6 8 9 10 12 13 14 16 18 19 20 | 20.5
Dodging        | 3 4 6 7 8 10 11 12 13 15 16 18 19 | 19.0

Action                   |  1- 3 |  4- 6 |  7- 9 | 10-12 | 13-15 | 16-18 || total
-------------------------+-------+-------+-------+-------+-------+-------++-------
Melee: Hand axe          |    86 |   158 |   114 |       |       |       ||   358
       Headbutt          |    11 |    21 |    40 |   102 |   188 |   243 ||   605
       Punch             |       |     2 |     3 |       |       |       ||     5
       Battleaxe         |       |       |   100 |   504 |   800 |   955 ||  2359
Invok: Berserk           |       |     3 |     9 |    22 |    29 |    25 ||    88
       Trog's Hand       |       |       |     1 |     7 |     8 |     5 ||    21
       Brothers in Arms  |       |       |       |       |     2 |     4 ||     6
  Use: Scroll            |       |       |    14 |     1 |    15 |    10 ||    40
       Potion            |       |       |       |     1 |     3 |     4 ||     8
 Stab: Sleeping          |     1 |     4 |       |       |       |       ||     5
Armor: Animal skin       |    13 |    20 |       |       |       |       ||    33
       Chain mail        |       |     2 |   135 |   302 |   146 |       ||   585
       Plate armour      |       |       |       |       |   408 |   471 ||   879
Dodge: Dodged            |    45 |    86 |   121 |   350 |   480 |   492 ||  1574
Block: Other             |       |       |       |    36 |    82 |       ||   118

Table legend: (Time is in decaauts)
 A = Elapsed time spent in this place.
 B = Non-inter-level travel time spent in this place.
 C = Inter-level travel time spent in this place.
 D = Time resting spent in this place.
 E = Time spent auto-exploring this place.
 F = Levels seen in this place.
 G = Mean time per level.
                   A        B        C        D        E       F      G
               +--------+--------+--------+--------+--------+-----+--------+
         Total |  40166 |  37986 |   2180 |  10725 |  21735 |  31 | 1295.7 |
       Dungeon |  19754 |  18700 |   1054 |   5562 |  10537 |  15 | 1316.9 |
          Lair |   8603 |   7857 |    746 |   1403 |   5379 |   6 | 1433.8 |
        Shoals |   2182 |   2108 |     74 |    291 |   1427 |   3 |  727.3 |
     Snake Pit |   7838 |   7610 |    228 |   2947 |   3463 |   4 | 1959.5 |
  Orcish Mines |    925 |    848 |     77 |     80 |    605 |   2 |  462.5 |
         Sewer |    862 |    862 |      0 |    440 |    322 |   1 |  862.0 |
               +--------+--------+--------+--------+--------+-----+--------+

Top non-repeatable levels by time:
    D:12: 2478 daAuts
 Snake:3: 2477 daAuts
 Snake:4: 2387 daAuts
    D:11: 1944 daAuts
  Lair:2: 1832 daAuts
     D:8: 1616 daAuts
  Lair:1: 1595 daAuts
 Snake:2: 1551 daAuts
    D:13: 1466 daAuts
  Lair:6: 1440 daAuts
 Snake:1: 1422 daAuts
    D:14: 1380 daAuts
  Lair:5: 1360 daAuts
    D:10: 1348 daAuts
     D:6: 1330 daAuts
